 Dungeon Crawl Stone Soup version 0.29-a0-1027-gcd8c55af63 (webtiles) character file.

Game seed: 6604496035321825039

60 Ijustatesigmund the Digger (level 4, -3/40 HPs)
             Began as an Octopode Earth Elementalist on Aug 12, 2022.
             Slain by Sigmund
             ... wielding a +0 scythe
              (9 damage)
             ... on level 2 of the Dungeon.
             The game lasted 00:05:16 (2064 turns).

Ijustatesigmund the Digger (OpEE)                   Turns: 2064, Time: 00:05:17

Health: -3/40      AC: 22    Str:  7    XL:     4   Next: 6%
Magic:  7/8        EV:  2    Int: 19    God:
Gold:   38         SH:  0    Dex: 12    Spells: 8/9 levels left

rFire   . . .      SeeInvis .   c - +4 flail
rCold   . . .      Faith    .   (no shield)
rNeg    . . .      Spirit   .   (helmet currently unavailable)
rPois   +          Reflect  .   (no amulet)
rElec   .          Harm     .   (no ring)
rCorr   .          Rampage  .   (no ring)
Will    .....      NoTele   +   (no ring)
Stlth   ++........              (no ring)
HPRegen 0.13/turn               (no ring)
MPRegen 0.11/turn               (no ring)
                                (no ring)
                                (no ring)

@: brilliant, tree-form
A: stationary, stasis, torment immunity, boosted hp, almost no armour,
(amphibious), 8 rings, (camouflage 1), (gelatinous body 1), (nimble swimmer 1),
(tentacles)
a: no special abilities


You were on level 2 of the Dungeon.
You were a tree.
You visited 1 branch of the dungeon, and saw 2 of its levels.

You collected 38 gold pieces.

Inventory:

Hand Weapons
 c - a +4 flail (weapon)
 d - a +2 dagger of venom
Potions
 a - a potion of magic


   Skills:
 - Level 2.0 Dodging
 - Level 2.6 Stealth
 + Level 3.1 Spellcasting
 - Level 1.0 Transmutations
 + Level 4.0 Earth Magic


You had 8 spell levels left.
You knew the following spells:

 Your Spells              Type           Power      Damage    Failure   Level
a - Sandblast             Erth           54%        2d13      3%          1

Your spell library contained the following spells:

 Spells                   Type           Power      Damage    Failure   Level
 Passwall                 Tmut/Erth      15%        N/A       9%          2
 Stone Arrow              Conj/Erth      30%        3d8       21%         3
 Petrify                  Tmut/Erth      18%        N/A       47%         4


Dungeon Overview and Level Annotations

Branches:
Dungeon (2/15)

Altars:

Annotations:
D:2 Sigmund


Innate Abilities, Weirdness & Mutations

You are a tree.
Your roots penetrate the ground, keeping you stationary.
You cannot be teleported.
You are immune to unholy pain and torment.
Your maximum health is greatly increased.
You cannot wear most types of armour.
((You are amphibious.))
You can wear up to eight rings at the same time.
((Your skin changes colour to match your surroundings (Stealth+).))
((Your rubbery body absorbs attacks. (AC +1, EV +1)))
((You are camouflaged when in or above water. (Stealth+)))
((You have tentacles for arms and can constrict up to eight enemies at once.))


Message History

Press: ? - help, Shift-Dir - straight line, f - Sigmund
Aim: Sigmund, wielding a +0 scythe and wearing a +0 robe (80% to hit)
The blast of sand hits Sigmund!
Sigmund is moderately wounded.
Sigmund hits you from afar with a +0 scythe!
* * * LOW HITPOINT WARNING * * *
It was a potion of brilliance.
You feel clever all of a sudden.
Casting: Sandblast (safe; 3% risk of failure)
Confirm with . or Enter, or press ? or * to list all spells.
Aiming: Sandblast (safe; 3% risk of failure)
Press: ? - help, Shift-Dir - straight line, f/p - Sigmund
Aim: Sigmund, wielding a +0 scythe and wearing a +0 robe (moderately wounded, 81% to hit)
You feel a surge of power!
The blast of sand hits Sigmund!
Sigmund is severely wounded.
Sigmund hits you but does no damage. Sigmund completely misses you.
You closely miss the giant cockroach.
The giant cockroach bites you but does no damage. x2
Sigmund hits you but does no damage.
You barely miss the giant cockroach.
The giant cockroach bites you but does no damage.
Sigmund hits you but does no damage.
The giant cockroach bites you but does no damage.
You thump the giant cockroach!
You kill the giant cockroach!
Sigmund mumbles some strange words.
Sigmund flickers and vanishes!
Deactivating autopickup; reactivate with Ctrl-A.
You swing at nothing.
Something hits you but does no damage.
You swing at nothing.
Something hits you but does no damage.
You swing at nothing.
Something hits you but does no damage.
You swing at nothing.
Something hits you but does no damage.
You swing at nothing.
A magic dart appears from out of thin air!
The magic dart hits you but does no damage.
You swing at nothing.
Something hits you but does no damage.
You swing at nothing.
Something hits you but does no damage.
You swing at nothing.
Something hits you but does no damage.
You swing at nothing.
Something hits you!
You die...

#.....# ##### #.....# .....
#.....# ...... #..†..##
.....^ #......#####
......#########..........#
..>.................###.##
...............####.# #.#
.|.......{†♣...####.##..####
#.####.........#......[....#
...............<)....####.#
.....####.######)###.#
..#### #.######.# #.#
##########.#......# #.#
#........#.#.###### #..
#........†...# ##..
#.......>#.### ..#


There were no monsters in sight!

Vanquished Creatures
  2 worms (D:2)
  3 orcs
  3 bats (D:1)
  2 endoplasms (D:2)
  3 giant cockroaches
  6 goblins
  A hobgoblin (D:1)
  8 jackals (D:1)
  3 kobolds
  3 quokkas
  5 ball pythons
  4 frilled lizards
  2 rats (D:1)
45 creatures vanquished.

Notes
Turn   | Place    | Note
-------+----------+-------------------------------------------
     0 | D:1      | Ijustatesigmund the Octopode Earth Elementalist began the
                  | quest for the Orb.
     0 | D:1      | Reached XP level 1. HP: 11/11 MP: 3/3
   146 | D:1      | Reached XP level 2. HP: 11/17 MP: 5/5
   743 | D:1      | Reached XP level 3. HP: 18/21 MP: 6/6
  1981 | D:2      | Reached XP level 4. HP: 9/27 MP: 3/8
  2006 | D:2      | Reached skill level 4 in Earth Magic
  2041 | D:2      | Noticed Sigmund
  2064 | D:2      | Slain by Sigmund

Illustrated notes

Levels and vault maps discovered:
D:1:      mrwooster_arrival_statue_3, layout_basic, roderic_serpentine_path,
          hangedman_feature_mirror, chequers_big_river, hangedman_decor_push
D:2:      layout_rooms, basic_altar, uniq_terence, uniq_sigmund

Skill      XL: |  1  2  3  4 |
---------------+-------------+-----
Spellcasting   | 3 |  3.1
Earth Magic    | 4 |  4.0
Dodging        | |  2.0
Stealth        | |  2.6
Transmutations | |  1.0

Action                   |  1- 3 |  4- 6 || total
-------------------------+-------+-------++-------
Melee: Dagger            |    44 |       ||    44
       Constrict         |    12 |       ||    12
       Tentacles         |     7 |       ||     7
       Flail             |    10 |     3 ||    13
 Cast: Sandblast         |    13 |     4 ||    17
  Use: Potion            |       |     2 ||     2
 Stab: Sleeping          |    13 |       ||    13
Armor: Skin              |     2 |    15 ||    17
Dodge: Dodged            |    40 |     3 ||    43

Table legend: (Time is in decaauts)
 A = Elapsed time spent in this place.
 B = Non-inter-level travel time spent in this place.
 C = Inter-level travel time spent in this place.
 D = Time resting spent in this place.
 E = Time spent auto-exploring this place.
 F = Levels seen in this place.
 G = Mean time per level.
                   A        B        C        D        E       F      G
               +--------+--------+--------+--------+--------+-----+--------+
         Total |   2084 |   1963 |    121 |    666 |    972 |   2 | 1042.0 |
       Dungeon |   2084 |   1963 |    121 |    666 |    972 |   2 | 1042.0 |
               +--------+--------+--------+--------+--------+-----+--------+

Top non-repeatable levels by time:
     D:1: 1877 daAuts
     D:2: 207 daAuts
